 Dungeon Crawl Stone Soup version 0.31-a0-236-g9a0961fb85 (webtiles) character file.

Game seed: 11716935148665818383

6790 coffeetime the Protected (level 11, -4/63 HPs)
             Began as a Gargoyle Monk on July 9, 2023.
             Was a High Priest of Hepliaklqana.
             Slain by Snorg (17 damage)
             ... on level 10 of the Dungeon on July 10, 2023.
             The game lasted 00:41:59 (8350 turns).

coffeetime the Protected (Gargoyle Monk)            Turns: 8350, Time: 00:42:00

Health: -4/63      AC: 19    Str: 20    XL:     11   Next: 5%
Magic:  11/11      EV: 11    Int: 10    God:    Hepliaklqana [*****.]
Gold:   408        SH:  8    Dex: 12    Spells: 8/10 levels left

rFire   + . .        a - +4 dagger (venom)
rCold   . . .        N - +0 kite shield
rNeg    + . .        I - +2 ring mail {rF+}
rPois   ∞            h - +2 hat
rElec   +            (no cloak)
rCorr   .            (no gloves)
SInv    .            (no boots)
Will    .....        (no amulet)
Stlth   ++           (no ring)
HPRegen 0.30/turn    (no ring)
MPRegen 0.12/turn

%: no passive effects
@: no status effects
A: reduced essence, sickness immunity, AC +8, negative energy resistance 1,
electricity resistance, torment resistance 1, petrification resistance
a: Renounce Religion, Recall Ancestor, Ancestor Identity, Transference, Idealise


You were on level 10 of the Dungeon.
You worshipped Hepliaklqana.
Hepliaklqana was extremely pleased with you.
You visited 3 branches of the dungeon, and saw 12 of its levels.

You collected 610 gold pieces.
You spent 202 gold pieces at shops.

Inventory:

Hand Weapons
 a - a +4 dagger of venom (weapon)
 b - a +0 orcbow
 c - a +2 quarterstaff of speed
 F - a +1 short sword of flaming
Missiles
 e - 77 stones
 u - 9 boomerangs (quivered)
 y - 2 throwing nets
 E - 7 poisoned darts
 M - 5 boomerangs of dispersal
 R - 4 silver javelins
Armour
 d - an orb of light
 f - +0 steam dragon scales
 h - a +2 hat (worn)
 o - the +1 leather armour of Festooned Mirth {rElec Will+ Regen+}
   (You took it off an orc on level 6 of the Dungeon)

   rElec:     It insulates you from electricity.
   Regen:     It increases your rate of health regeneration.
   Will:      It increases your willpower.
 I - a +2 ring mail of fire resistance (worn)
 N - a +0 kite shield (worn)
Jewellery
 k - a ring of ice
 K - a ring of flight
 P - an amulet of faith
Wands
 n - a wand of mindburst (8)
 s - a wand of polymorph (14)
 B - a wand of quicksilver (11)
 C - a wand of charming (4)
Scrolls
 i - 4 scrolls of revelation
 j - 4 scrolls of fog
 l - 3 scrolls of blinking
 r - 2 scrolls of immolation
 t - a scroll of silence
 v - 4 scrolls of fear
 w - 5 scrolls of teleportation
 z - a scroll of amnesia
 G - a scroll of brand weapon
 J - a scroll of poison {unknown}
 O - a scroll of summoning {unknown}
 Q - a scroll of enchant armour {unknown}
Potions
 g - 3 potions of attraction
 m - 3 potions of curing
 p - 3 potions of brilliance
 q - a potion of magic
 x - 3 potions of mutation
 A - a potion of berserk rage {unknown}
 D - 4 potions of invisibility {unknown}
 H - 2 potions of degeneration {unknown}
 L - a potion of lignification {unknown}
 S - a potion of haste {unknown}


   Skills:
 + Level 9.3 Fighting
 - Level 3.0 Maces & Flails
 * Level 1.0 Throwing
 * Level 11.7 Armour
 - Level 5.3 Dodging
 - Level 5.0 Stealth
 * Level 3.5 Shields
 * Level 4.6 Evocations


You had 8 spell levels left.
You knew the following spells:

 Your Spells              Type           Power      Damage    Failure   Level
a - Blink                 Tloc           0%         N/A       91%         2

Your spell library contained the following spells:

 Spells                   Type           Power      Damage    Failure   Level
 Freeze                   Ice            0%         1d3       80%         1
 Sting                    Tmut/Pois      0%         1d3       80%         1
 Lesser Beckoning         Tloc           0%         N/A       91%         2
 Momentum Strike          Conj/Tloc      0%         3d8       91%         2
 Poisonous Vapours        Pois/Air       0%         N/A       91%         2
 Frozen Ramparts          Ice            0%         1d1       99%         3
 Hailstorm                Conj/Ice       0%         3d3       99%         3
 Olgreb's Toxic Radiance  Pois           0%         N/A       100%        4


Dungeon Overview and Level Annotations

Branches:
Dungeon (10/15)            Temple (1/1) D:7            Lair (0/5) D:9
    Orc (1/2) D:9

Altars:
Cheibriados
Dithmenos
Elyvilon
Fedhas
Gozag
Hepliaklqana
Kikubaaqudgha
Makhleb
Nemelex Xobeh
Okawaru
Qazlal
Ru
Sif Muna
Trog
Uskayaw
Vehumet
Wu Jian
Xom
Yredelemnul
Zin
The Shining One

Shops:
D:7 =((*=   D:8 ?

Annotations:
D:8 Amaemon
D:10 Snorg
Orc:1 Urug


Innate Abilities, Weirdness & Mutations

Your life essence is reduced to manifest your ancestor. (-10% HP)
You are immune to sickness and miasma.
Your stone body is resilient. (AC +8)
You are immune to poison.
You resist negative energy. (rN+)
You are resistant to electric shocks. (rElec)
You are resistant to unholy torment.
You are immune to petrification.


Message History

Snorg attacks as you move away! Snorg barely misses you.
Snorg claws you but does no damage. x2
Snorg attacks as you move away! Snorg bites you! You block Snorg's attack. x2
Snorg bites you but does no damage. Snorg claws you.
Snorg claws you but does no damage.
You barely miss Snorg.
Snorg is severely wounded.
You block Snorg's attack. Snorg claws you but does no damage. Snorg claws you.
You hit Snorg.
Snorg looks as sick as possible!
Snorg is almost dead.
Snorg closely misses you. You block Snorg's attack. x3
Snorg closely misses you. Snorg misses you.
You closely miss Snorg.
Snorg is almost dead.
Snorg closely misses you. You block Snorg's attack. Snorg claws you.
Snorg bites you!
* * * LOW HITPOINT WARNING * * *
Snorg claws you but does no damage. You block Snorg's attack.
You hit Snorg.
Snorg looks as sick as possible!
Snorg is almost dead.
You block Snorg's attack. Snorg claws you but does no damage.
You block Snorg's attack. Snorg bites you but does no damage.
Snorg barely misses you. Snorg misses you.
You hit Snorg.
Snorg looks as sick as possible!
Snorg is almost dead.
You block Snorg's attack. x3
You closely miss Snorg.
Snorg is almost dead.
Snorg barely misses you. x2; Snorg claws you but does no damage.
You block Snorg's attack. Snorg claws you.
* * * LOW HITPOINT WARNING * * *
You block Snorg's attack.
A gargoyle comes into view. It is wielding a +0 mace.
Snorg seems less drained.
Snorg barely misses you. Snorg closely misses you.
Snorg claws you but does no damage. Snorg attacks as you move away!
Snorg barely misses you. x2
Snorg claws you but does no damage.
Snorg rages.
You block Snorg's attack. Snorg claws you!
You die...

###.# #.# # #...# #.## #.### #..#
#####.#### ##.# #........# #.#
#........# #.# #........#
#.###########.. #........#
####...#...9......
..........######@T......#######..
##...............#####...#
#........######## ###.#
#........# #.# #........# #.#
###.###### #.. #. ### # $. #
#.####


You could see Snorg (berserk, extremely poisoned).

Vanquished Creatures
  A wyvern (D:7)
  A shadow (D:9)
  2 vampires
  9 yaks
  Grum (D:8)
  3 vampire mosquitoes (D:9)
  A steam dragon (D:9)
  A water moccasin (D:7)
  An orc warrior (D:8)
  A black bear (D:4)
  An ice beast (D:8)
  2 ogres (D:5)
  4 centaurs
  A phantom (D:5)
  A kobold brigand (D:9)
  4 scorpions
  A gnoll sergeant (D:5)
  2 bullfrogs (D:9)
  7 howler monkeys
  2 jellies
  4 orc priests
  6 hounds
  A sleepcap (D:6)
  2 iguanas
  Ijyb (D:4)
  5 orc wizards
  7 gnolls
  12 adders
  2 ufetubi
  2 dart slugs
  29 orcs
  2 ball pythons
  9 bats
  10 endoplasms
  5 giant cockroaches
  A hobgoblin (D:4)
  6 jackals (D:4)
  2 quokkas
  4 frilled lizards
  6 goblins
  8 kobolds
  4 rats
174 creatures vanquished.

Vanquished Creatures (collateral kills)
  2 yaks
  A shadow (D:9)
  A vampire mosquito (D:9)
  An orc warrior (D:8)
  2 ice beasts
  A sky beast (D:7)
  2 wolves (D:8)
  A phantom (D:6)
  A bullfrog (D:8)
  A necrophage (D:5)
  A howler monkey (D:8)
  A jelly (D:4)
  2 hounds
  An iron imp (D:4)
  An orc priest (D:3)
  3 orc wizards
  A hound skeleton (D:5)
  3 gnolls
  4 adders
  A worm (D:2)
  A dart slug (D:4)
  16 orcs
  2 endoplasms (D:2)
  A goblin (D:3)
  A jackal (D:4)
  A kobold (D:4)
  A quokka (D:1)
  3 rats
57 creatures vanquished.

Vanquished Creatures (others)
  6 hexers
6 creatures vanquished.

Grand Total: 237 creatures vanquished

Notes
Turn   | Place    | Note
-------+----------+-------------------------------------------
     0 | D:1      | coffeetime the Gargoyle Monk began the quest for the Orb.
     0 | D:1      | Reached XP level 1. HP: 14/14 MP: 1/1
   102 | D:1      | Reached XP level 2. HP: 2/19 MP: 2/2
   306 | D:1      | Reached XP level 3. HP: 20/24 MP: 3/3
   471 | D:1      | Found a faded altar of an unknown god.
   479 | D:1      | Prayed at the altar of an unknown god.
   479 | D:1      | Became a worshipper of Hepliaklqana the Forgotten
   479 | D:1      | Reached * piety under Hepliaklqana
   479 | D:1      | Reached ** piety under Hepliaklqana
   491 | D:1      | Remembered your ancestor Thabo as a hexer
   508 | D:1      | You fall into a shaft and drop 1 floor!
   645 | D:2      | Reached XP level 4. HP: 19/26 MP: 4/4
   874 | D:2      | Reached skill level 1 in Armour
   874 | D:2      | Reached skill level 1 in Stealth
   879 | D:2      | Reached XP level 5. HP: 7/29 MP: 5/5
  1208 | D:2      | Reached *** piety under Hepliaklqana
  1437 | D:3      | Reached skill level 2 in Armour
  1496 | D:3      | Reached XP level 6. HP: 35/35 MP: 6/6
  1753 | D:3      | Found an ancient bone altar of Kikubaaqudgha.
  2259 | D:3      | Reached **** piety under Hepliaklqana
  2334 | D:4      | Found a glowing golden altar of the Shining One.
  2449 | D:4      | Noticed a black bear
  2454 | D:4      | Killed a black bear
  2455 | D:4      | Reached skill level 3 in Armour
  2566 | D:4      | Reached XP level 7. HP: 39/39 MP: 7/7
  2599 | D:4      | Reached skill level 5 in Fighting
  2621 | D:4      | Noticed Ijyb
  2650 | D:4      | Killed Ijyb
  2651 | D:4      | Reached skill level 4 in Armour
  2665 | D:4      | Identified the +0 leather armour of Xikhlil {rF- rC+++
                  | Int+5}
  3214 | D:4      | Found a snail-covered altar of Cheibriados.
  3318 | D:5      | Entered Level 5 of the Dungeon
  3468 | D:5      | Reached skill level 5 in Armour
  3557 | D:5      | Reached XP level 8. HP: 45/45 MP: 8/8
  3595 | D:5      | Reached skill level 6 in Armour
  3772 | D:5      | Found a burning altar of Makhleb.
  3781 | D:5      | Reached skill level 7 in Armour
  4566 | D:6      | Reached ***** piety under Hepliaklqana
  4659 | D:6      | Reached skill level 8 in Armour
  4659 | D:6      | Reached skill level 5 in Dodging
  4753 | D:6      | Reached XP level 9. HP: 49/49 MP: 9/9
  4866 | D:6      | Identified the +1 leather armour of Festooned Mirth {rElec
                  | Will+ Regen+}
  4998 | D:6      | Found a stormy altar of Qazlal.
  5219 | D:6      | Found a shimmering blue altar of Sif Muna.
  5298 | D:6      | Reached skill level 5 in Stealth
  5447 | D:7      | Found Xowkeg's Jewellery Shop.
  5472 | D:7      | Upgraded the game from 0.31-a0-233-g139696dc86 to
                  | 0.31-a0-236-g9a0961fb85
  5472 | D:7      | Found Itaompon's Weapon Boutique.
  5497 | D:7      | Found Qemaabb's Antique Weapon Emporium.
  5531 | D:7      | Found Jaogaito's Jewellery Shop.
  5625 | D:7      | Reached skill level 9 in Armour
  5625 | D:7      | Reached skill level 1 in Evocations
  5789 | D:7      | Found a staircase to the Ecumenical Temple.
  5804 | Temple   | Entered the Ecumenical Temple
  5905 | D:7      | Found Xypo's Assorted Antiques.
  5998 | D:7      | Learned a level 2 spell: Blink
  6254 | D:8      | Reached skill level 10 in Armour
  6543 | D:7      | Reached XP level 10. HP: 41/56 MP: 10/10
  6658 | D:8      | Noticed Grum
  6661 | D:8      | Killed Grum
  6796 | D:8      | Found Ocanorae's Magic Scroll Shop.
  6799 | D:8      | Bought a scroll of identify for 30 gold pieces
  6799 | D:8      | Bought a scroll of fear for 60 gold pieces
  6889 | D:8      | Noticed Amaemon
  6903 | D:8      | Reached skill level 11 in Armour
  6966 | D:7      | Bought a kite shield for 112 gold pieces
  7092 | D:9      | Reached skill level 1 in Shields
  7302 | D:9      | Found a staircase to the Lair.
  7322 | D:9      | Found a staircase to the Orcish Mines.
  7369 | Orc:1    | Entered Level 1 of the Orcish Mines
  7369 | Orc:1    | Noticed Urug
  7755 | D:9      | Reached XP level 11. HP: 59/63 MP: 11/11
  8175 | D:10     | Entered Level 10 of the Dungeon
  8230 | D:10     | Reached skill level 1 in Throwing
  8320 | D:10     | Noticed Snorg
  8350 | D:10     | Slain by Snorg

Illustrated notes

Levels and vault maps discovered:
D:1:      minmay_arrival_open_corners, layout_rooms,
          ebering_ecumenical_altar_box
D:2:      layout_basic
D:3:      wad_pebble_path, layout_basic, mainiacjoe_overflow_boulevard,
          dreamdust_princess_bridge, minmay_fractal_squares_diagonal_5
D:4:      layout_loops_ring, slow_altar_2, mainiacjoe_overflow_six_doors_small,
          uniq_ijyb
D:5:      layout_loops_ring, makhleb_blood_cavern_becter,
          minmay_misc_feat_more_columns
D:6:      layout_loops_ring, mainiacjoe_overflow_alcove_1, lemuel_crystal_altar
D:7:      layout_rooms, minmay_temple_entry_crystal_x, serial_shops,
          nicolae_shop_dealshenge, nicolae_shop_tiny_statue_garden,
          nicolae_shop_back_alley_shop, nicolae_diamond_shop,
          nicolae_shop_window_shopping
D:8:      mumra_celtic_spiral_tile, layout_rooms, serial_shops,
          nicolae_shop_rolled_up, uniq_amaemon, uniq_grum
D:9:      layout_long_grid, dpeg_oklobed_lair, david_orc_2, serial_glass,
          glass_columns_a, glass_columns_b
D:10:     layout_roguey, mainiacjoe_overflow_concentric_impassable, uniq_snorg
Temple:   nicolae_temple_no_exploring_needed
Orc:1:    layout_caves, uniq_urug

Skill      XL: |  1  2  3  4  5  6  7  8  9 10 11 |
---------------+----------------------------------+-----
Dodging        | 3 4 5 |  5.3
Fighting       | 4 5 6 7 9 |  9.3
Armour         | 1 2 3 5 8 10 11 | 11.7
Stealth        | 1 2 3 4 5 |  5.0
Evocations     | 2 4 |  4.6
Shields        | 3 |  3.5
Throwing       | 1 |  1.0
Maces & Flails | |  3.0

Action                     |  1- 3 |  4- 6 |  7- 9 | 10-12 || total
---------------------------+-------+-------+-------+-------++-------
  Melee: Mace              |    65 |   138 |       |       ||   203
         Punch             |     1 |     2 |     2 |       ||     5
         Short sword       |       |    11 |    45 |    88 ||   144
         Dagger            |       |       |   300 |   159 ||   459
   Fire: Orcbow            |       |       |    45 |       ||    45
  Throw: Stone             |       |     2 |     4 |       ||     6
         Dart              |       |       |     7 |       ||     7
         Boomerang         |       |       |       |     8 ||     8
 Invoke: Recall Ancestor   |     1 |     2 |     2 |     2 ||     7
         Ancestor Life: He |     1 |       |       |       ||     1
  Evoke: Wand              |       |       |       |     3 ||     3
    Use: Scroll            |       |       |    11 |     5 ||    16
         Potion            |       |       |       |     7 ||     7
   Stab: Sleeping          |     2 |     1 |     3 |     1 ||     7
         Distracted        |     1 |     3 |     2 |     2 ||     8
         Confused          |       |     1 |     5 |     1 ||     7
 Armour: Robe              |    15 |       |       |       ||    15
         Ring mail         |    13 |    66 |   134 |   151 ||   364
  Dodge: Dodged            |    48 |    78 |   204 |   150 ||   480
  Block: Kite shield       |       |       |       |    90 ||    90

Table legend: (Time is in decaauts)
 A = Elapsed time spent in this place.
 B = Non-inter-level travel time spent in this place.
 C = Inter-level travel time spent in this place.
 D = Time resting spent in this place.
 E = Time spent auto-exploring this place.
 F = Levels seen in this place.
 G = Mean time per level.
                   A        B        C        D        E       F      G
               +--------+--------+--------+--------+--------+-----+--------+
         Total |   8443 |   7969 |    474 |    497 |   5030 |  12 |  703.6 |
       Dungeon |   8439 |   7965 |    474 |    497 |   5030 |  10 |  843.9 |
        Temple |      1 |      1 |      0 |      0 |      0 |   1 |    1.0 |
  Orcish Mines |      1 |      1 |      0 |      0 |      0 |   1 |    1.0 |
               +--------+--------+--------+--------+--------+-----+--------+

Top non-repeatable levels by time:
     D:9: 1231 daAuts
     D:4: 1050 daAuts
     D:6: 1033 daAuts
     D:5: 1024 daAuts
     D:3: 945 daAuts
     D:8: 893 daAuts
     D:2: 736 daAuts
     D:1: 690 daAuts
     D:7: 690 daAuts
    D:10: 143 daAuts
  Temple: 1 daAuts
   Orc:1: 1 daAuts
